 Dungeon Sprint DCSS version 0.28.0-53-g5a82cb258f (webtiles) character file.

Game seed: 5702946946654681778

1768 Zeld the Fighter (level 8, -1/133 HPs)
             Began as a Minotaur Berserker on June 4, 2022.
             Was an Elder of Trog.
             Slain by a demonic crawler (7 damage)
             ... in the Dungeon (Sprint I: "Red Sonja").
             The game lasted 00:01:09 (989 turns).

Zeld the Fighter (Minotaur Berserker)                Turns: 989, Time: 00:01:10

Health: -1/133     AC: 11    Str: 23    XL:     8   Next: 80%
Magic:  7/7        EV: 13    Int:  4    God:    Trog [****..]
Gold:   158        SH:  0    Dex: 11    Spells: 7/7 levels left

rFire   . . .      SeeInvis .   a - +0 battleaxe (freeze)
rCold   . . .      Faith    .   (shield currently unavailable)
rNeg    . . .      Spirit   .   b - +3 scale mail {rPois}
rPois   +          Reflect  .   (helmet restricted)
rElec   .          Harm     .   (no cloak)
rCorr   .          Rampage  .   (no gloves)
Will    .....      NoTele   +   (no boots)
Stlth   ..........              (no amulet)
HPRegen 0.32/turn               (no ring)
MPRegen 0.10/turn               (no ring)

@: berserking (expiring), very quick
A: horns 2, retaliatory headbutt
a: Renounce Religion, Berserk, Trog's Hand, Brothers in Arms


You were in the Dungeon.
You worshipped Trog.
Trog was greatly pleased with you.
You visited 1 branch You collected 405 gold pieces.
You spent 247 gold pieces at shops.

Inventory:

Hand Weapons
 a - a +0 battleaxe of freezing (weapon)
Armour
 b - a +3 scale mail of poison resistance (worn)
Wands
 i - a wand of acid (5)
Scrolls
 h - a scroll of blinking
Potions
 c - a potion of curing
 d - a potion of heal wounds
 e - a potion of haste
 f - 2 potions of magic
 g - a potion of berserk rage


   Skills:
 * Level 14.1 Fighting
 * Level 14.0 Axes
 + Level 10.0 Armour
 + Level 9.1 Dodging


You had 7 spell levels left.
You didn't know any spells.
Your spell library was empty.

Dungeon Overview and Level Annotations

Branches:
Dungeon (1/1)

Altars:
Cheibriados
Dithmenos
Elyvilon
Fedhas
Gozag
Hepliaklqana
Kikubaaqudgha
Makhleb
Nemelex Xobeh
Okawaru
Qazlal
Ru
Sif Muna
Trog
Uskayaw
Vehumet
Wu Jian
Xom
Yredelemnul
Zin
The Shining One
Jiyva
Lugonu

Shops:
D (


Innate Abilities, Weirdness & Mutations

You have a pair of horns on your head.
You reflexively headbutt those who attack you in melee.


Message History

Your skin stops crawling.
You feel less strong-willed. The demonic crawler closely misses you.
You furiously retaliate!
You headbutt the demonic crawler, but do no damage.
The demonic crawler hits you but does no damage. x4
The demonic crawler closely misses you.
The demonic crawler hits you but does no damage. x2
The demonic crawler hits you.
* * * LOW HITPOINT WARNING * * *
Unknown command.
You slice the demonic crawler!! You freeze the demonic crawler.
Your headbutt misses the demonic crawler.
The demonic crawler is almost dead.
You hit the demonic crawler but do no damage.
You barely miss the demonic crawler. The demonic crawler misses you.
You furiously retaliate!
You headbutt the demonic crawler!
You kill the demonic crawler!
Trog accepts your kill.
The demonic crawler hits you but does no damage.
The demonic crawler barely misses you. The demonic crawler hits you.
* * * LOW HITPOINT WARNING * * *
The demonic crawler misses you. The demonic crawler hits you!
* * * LOW HITPOINT WARNING * * *
The demonic crawler hits you.
* * * LOW HITPOINT WARNING * * *
Your Fighting skill increases to level 14!
Your Axes skill increases to level 14!
Your Armour skill increases to level 10!
Your Dodging skill increases to level 9!
You barely miss the demonic crawler.
The demonic crawler is almost dead.
You hit the demonic crawler. The demonic crawler hits you.
* * * LOW HITPOINT WARNING * * *
The demonic crawler hits you but does no damage.
The demonic crawler hits you.
* * * LOW HITPOINT WARNING * * *
The demonic crawler barely misses you. You furiously retaliate!
You headbutt the demonic crawler.
The demonic crawler hits you but does no damage.
The demonic crawler hits you!
You die...

#####################
.)..#..'..#__#..@s9.#
.#..)..#..'..'.†#s..##+#
###'#####'#__####...'..#
##..#...#.####§!#####..+
_####..##[#§§≈§ ##
____##'#_[+≈≈≈§
.∩.).'..._#≈≈≈.c#
..__##_.#'##+####
____###+#(#


You could see 2 demonic crawlers and a gargoyle.

Vanquished Creatures
  2 kobold demonologists (D)
  2 demonic crawlers (D)
  A slime creature (D)
  Sigmund (D)
  A yak (D)
  A floating eye (D)
  An ogre (D)
  A jelly (D)
  Ijyb (D)
11 creatures vanquished.

Notes
Turn   | Place    | Note
-------+----------+-------------------------------------------
     0 | D        | Zeld the Minotaur Berserker began the quest for the Orb.
     0 | D        | Reached XP level 1. HP: 19/19 MP: 0/0
     1 | D        | Noticed Ijyb
     9 | D        | Killed Ijyb
    10 | D        | Reached skill level 5 in Fighting
    10 | D        | Reached skill level 5 in Axes
    10 | D        | Reached XP level 2. HP: 27/29 MP: 1/1
   113 | D        | Noticed an ogre
   119 | D        | Killed an ogre
   120 | D        | Reached skill level 5 in Armour
   120 | D        | Reached XP level 3. HP: 39/39 MP: 2/2
   120 | D        | Reached XP level 4. HP: 47/47 MP: 3/3
   188 | D        | Noticed Sigmund
   206 | D        | Killed Sigmund
   206 | D        | Reached ** piety under Trog
   207 | D        | Reached skill level 5 in Dodging
   207 | D        | Reached XP level 5. HP: 28/57 MP: 4/4
   207 | D        | Reached XP level 6. HP: 32/64 MP: 5/5
   362 | D        | Found a burning altar of Makhleb.
   362 | D        | Found a viscous altar of Jiyva.
   362 | D        | Found a shimmering altar of Xom.
   362 | D        | Found a corrupted altar of Lugonu.
   362 | D        | Noticed a slime creature
   363 | D        | Found an ornate altar of the Wu Jian Council.
   363 | D        | Found a shimmering blue altar of Sif Muna.
   370 | D        | Killed a slime creature
   371 | D        | Reached skill level 10 in Fighting
   371 | D        | Reached skill level 10 in Axes
   680 | D        | Found a radiant altar of Vehumet.
   868 | D        | Found Geag Zoy's Antique Weapon Emporium.
   868 | D        | Found an ancient bone altar of Kikubaaqudgha.
   868 | D        | Found a hazy altar of Hepliaklqana.
   868 | D        | Found a hide-covered altar of Uskayaw.
   868 | D        | Found a basalt altar of Yredelemnul.
   868 | D        | Found an opulent altar of Gozag.
   868 | D        | Found a snail-covered altar of Cheibriados.
   868 | D        | Found a sacrificial altar of Ru.
   868 | D        | Found a shadowy altar of Dithmenos.
   868 | D        | Noticed a yak
   870 | D        | Found a stormy altar of Qazlal.
   870 | D        | Found a blossoming altar of Fedhas.
   870 | D        | Found a bloodstained altar of Trog.
   870 | D        | Found an iron altar of Okawaru.
   870 | D        | Found a glowing golden altar of the Shining One.
   870 | D        | Found a glowing silver altar of Zin.
   870 | D        | Found a white marble altar of Elyvilon.
   876 | D        | Killed a yak
   877 | D        | Reached XP level 7. HP: 74/74 MP: 6/6
   878 | D        | Found a sparkling altar of Nemelex Xobeh.
   882 | D        | Bought a glowing battleaxe for 247 gold pieces
   895 | D        | Noticed a centaur warrior
   912 | D        | Noticed a kobold demonologist
   912 | D        | Noticed a kobold demonologist
   915 | D        | Paralysed by a floating eye for 3 turns
   917 | D        | Noticed a smoke demon
   921 | D        | Killed a kobold demonologist
   921 | D        | Reached *** piety under Trog
   922 | D        | Reached XP level 8. HP: 85/85 MP: 7/7
   925 | D        | Killed a kobold demonologist
   971 | D        | Noticed a demonic crawler
   971 | D        | Noticed a demonic crawler
   971 | D        | Noticed a demonic crawler
   971 | D        | Noticed a demonic crawler
   976 | D        | Noticed a gargoyle
   985 | D        | Killed a demonic crawler
   985 | D        | Reached **** piety under Trog
   988 | D        | Killed a demonic crawler
   989 | D        | Reached skill level 10 in Armour
   989 | D        | HP: 6/133 [demonic crawler (1)]
   989 | D        | Slain by a demonic crawler

Illustrated notes

Levels and vault maps discovered:
D:        dungeon_sprint_1 [red_sonja_temple_1, red_sonja_temple_small_1]

Skill      XL: |  1  2  3  4  5  6  7  8 |
---------------+-------------------------+-----
Fighting       | 5 7 9 11 12 14 | 14.1
Axes           | 5 7 9 11 12 14 | 14.0
Armour         | 3 5 6 8 10 | 10.0
Dodging        | 3 4 5 7 8 9 |  9.1

Action                   |  1- 3 |  4- 6 |  7- 9 || total
-------------------------+-------+-------+-------++-------
Melee: Hand axe          |    11 |    28 |       ||    39
       Headbutt          |       |     4 |     1 ||     5
       Battleaxe         |       |       |    19 ||    19
Invok: Berserk           |     2 |     2 |     2 ||     6
       Trog's Hand       |       |       |     1 ||     1
Armor: Scale mail        |       |       |    27 ||    27
Dodge: Dodged            |     3 |    10 |    19 ||    32
